 Dungeon Crawl Stone Soup version 0.29.1-2-gbd0b4ee654 (webtiles) character file.

Game seed: 4988234669772813941

1820 qeuew the Cleaver (level 9, -8/61 HPs)
             Began as a Formicid Fighter on Nov 3, 2022.
             Mangled by a gnoll
             ... wielding a +0 halberd
              (14 damage)
             ... on level 5 of the Dungeon.
             The game lasted 00:08:41 (5546 turns).

qeuew the Cleaver (Formicid Fighter)                Turns: 5546, Time: 00:08:42

Health: -8/61      AC:  8    Str: 23    XL:     9   Next: 32%
Magic:  9/9        EV: 11    Int:  8    God:
Gold:   269        SH:  5    Dex: 15    Spells: 8/8 levels left

rFire   . . .      SeeInvis +   a - +0 war axe
rCold   . . .      Faith    .   c - +0 buckler
rNeg    . . .      Spirit   .   l - +1 ring mail {Will+}
rPois   .          Reflect  .   (helmet unavailable)
rElec   .          Harm     .   p - +0 cloak
rCorr   .          Rampage  .   k - +0 pair of gloves
Will    ++...                   e - +0 pair of boots
Stlth   +.........              (no amulet)
HPRegen 0.20/turn               (no ring)
MPRegen 0.11/turn               (no ring)

@: corroded
A: permanent stasis, dig shafts and tunnels, antennae 3, four strong arms,
iridescent scales 1, frail 1, strong-willed 1, wild magic 1
a: Dig, Shaft Self


You were on level 5 of the Dungeon.
You visited 1 branch of the dungeon, and saw 5 of its levels.
You also visited: Ossuary.

You collected 269 gold pieces.

Inventory:

Hand Weapons
 a - a +0 war axe (weapon)
Missiles
 q - 4 throwing nets
Armour
 c - a +0 buckler (worn)
 e - a +0 pair of boots (worn)
 k - a +0 pair of gloves (worn)
 l - a +1 ring mail of willpower (worn)
 p - a +0 cloak (worn)
Wands
 g - a wand of iceblast (10)
Scrolls
 b - a scroll of identify
 m - a scroll of magic mapping
 s - a scroll of silence
Potions
 d - 2 potions of resistance
 f - a potion of heal wounds
 h - a potion of mutation
 i - 3 potions of curing
 j - a potion of might


   Skills:
 + Level 5.4 Fighting
 * Level 9.4 Axes
 + Level 5.1 Armour
 + Level 2.5 Dodging
 + Level 0.6 Stealth
 + Level 5.5 Shields


You had 8 spell levels left.
You didn't know any spells.
Your spell library contained the following spells:

 Spells                   Type           Power      Damage    Failure   Level
 Shock                    Conj/Air       0%         1d3       71%         1
 Summon Guardian Golem    Hex/Summ       0%         N/A       96%         3
 Airstrike                Air            0%         2d(0-16)  100%        4
 Malign Gateway           Summ/Tloc      0%         N/A       100%        7
 Swiftness                Air            Unusable   N/A       N/A         3

Dungeon Overview and Level Annotations

Branches:
Dungeon (5/15)            Ossuary (visited)
 Temple: D:4-7

Altars:
Gozag


Innate Abilities, Weirdness & Mutations

You cannot be hasted, slowed, berserked, paralysed or teleported.
You can dig through walls and to a lower floor.
You have a pair of large antennae on your head. (SInv)
Your four strong arms can wield two-handed weapons with a shield.
You are partially covered in iridescent scales. (AC +2)
You are frail. (-10% HP)
You are strong-willed. (Will+)
Your spells are a little harder to cast, but a little more powerful.


Message History

The gnoll hits you but does no damage.
The gnoll is no longer moving quickly. x2; The gnoll barely misses you.
You block the gnoll's attack. The gnoll barely misses you.
You see here a +0 club.
The gnoll hits you with a +0 spear! You block the gnoll's attack.
The gnoll hits you but does no damage. x2
You barely miss the gnoll. You hit the gnoll. x2
You hit the gnoll but do no damage. The gnoll hits you with a +0 spear.
The gnoll hits you with a +0 halberd! The gnoll closely misses you.
The gnoll hits you but does no damage.
Unknown command.
You hit the gnoll.
The gnoll is lightly wounded.
You hit the gnoll but do no damage. You slash the gnoll!
You kill the gnoll!
You slash the gnoll!
You kill the gnoll!
You block the gnoll's attack. The gnoll barely misses you.
The jelly hits you but does no damage.
You hit the gnoll.
The gnoll is moderately wounded.
You hit the gnoll. You hit the jelly.
Your hands burn!
The gnoll closely misses you. The gnoll completely misses you.
The jelly closely misses you.
Unknown command.
You hit the jelly. The acid corrodes you!
Your hands burn!
The jelly is moderately wounded.
You hit the gnoll but do no damage. You hit the gnoll.
The gnoll hits you with a +0 halberd. You block the gnoll's attack.
The jelly barely misses you.
You hit the jelly but do no damage.
Your hands burn!
* * * LOW HITPOINT WARNING * * *
The jelly is moderately wounded.
You barely miss the gnoll. You hit the gnoll.
The gnoll hits you with a +0 halberd.
* * * LOW HITPOINT WARNING * * *
The gnoll hits you with a +0 spear.
* * * LOW HITPOINT WARNING * * *
The jelly hits you but does no damage. The gnoll hits you with a +0 halberd!
You die...

....##.........# .....
#...#.........#
.....###....#....#...
.....#.....####.###..
............##..# ..
......###......# #.
.....##.)##..##
.#...##gJ##)......#
......g@))..........
........))..........#
.........=...##......#
#............###..#.##
#..#........## .##.#
#. #.......># # .
#......... ...........


You could see a jelly and 2 gnolls.

Vanquished Creatures
  Eustachio (D:4)
  An ogre (D:4)
  The ghost of xian the Gusty, an amateur DsAE (D:4)
  A kobold brigand (D:4)
  A scorpion (D:4)
  A necrophage (D:4)
  A wight (D:4)
  4 water moccasin zombies (Ossuary)
  A howler monkey (D:4)
  A bullfrog zombie (D:5)
  A centaur zombie (D:5)
  3 hounds (D:4)
  A jelly (D:4)
  Crazy Yiuf (D:3)
  An orc priest (D:4)
  A gnoll bouda (D:5)
  Jessica (D:3)
  An iguana (D:2)
  Ijyb (D:3)
  3 orc wizards
  Terence (D:3)
  3 mummies
  Robin (D:2)
  33 gnolls
  3 adders (D:3)
  A white imp (D:5)
  6 adder zombies (Ossuary)
  A worm (D:2)
  2 dart slugs
  23 orcs
  4 endoplasms
  A giant cockroach (D:4)
  2 gnoll zombies (Ossuary)
  18 goblins
  5 hobgoblins
  12 jackals
  5 quokkas
  4 ball pythons
  8 bats
  3 frilled lizards
  3 hobgoblin zombies (Ossuary)
  8 kobolds
  A kobold zombie (Ossuary)
  3 orc zombies (Ossuary)
  5 rats
183 creatures vanquished.

Vanquished Creatures (others)
  4 fungi (D:3)
  2 plants (D:4)
6 creatures vanquished.

Grand Total: 189 creatures vanquished

Notes
Turn   | Place    | Note
-------+----------+-------------------------------------------
     0 | D:1      | qeuew the Formicid Fighter began the quest for the Orb.
     0 | D:1      | Reached XP level 1. HP: 18/18 MP: 1/1
   253 | D:1      | Reached XP level 2. HP: 24/24 MP: 2/2
   396 | D:1      | Found a faded altar of an unknown god.
   756 | D:2      | Reached XP level 3. HP: 29/29 MP: 3/3
   850 | D:2      | Noticed Robin
   857 | D:2      | Killed Robin
   861 | D:2      | Reached skill level 3 in Axes
   870 | D:2      | Reached XP level 4. HP: 14/36 MP: 4/4
  1357 | D:2      | You fall into a shaft and drop 2 floors!
  1419 | D:4      | Found a sand-covered staircase.
  1419 | D:4      | Noticed Eustachio
  1459 | D:4      | Killed Eustachio
  1460 | D:4      | Reached skill level 4 in Axes
  1460 | D:4      | Reached skill level 1 in Dodging
  1460 | D:4      | Reached XP level 5. HP: 26/42 MP: 5/5
  1460 | D:4      | Reached XP level 6. HP: 29/48 MP: 6/6
  1487 | Ossuary  | Entered an ossuary
  1689 | Ossuary  | Reached skill level 5 in Axes
  1792 | Ossuary  | Reached XP level 7. HP: 50/54 MP: 7/7
  1892 | Ossuary  | Reached skill level 6 in Axes
  1966 | D:3      | Noticed Ijyb
  1976 | D:3      | Killed Ijyb
  1977 | D:3      | Reached skill level 5 in Shields
  2248 | D:2      | Gained mutation: You are frail. (-10% HP) [potion of
                  | mutation]
  2248 | D:2      | Gained mutation: You are strong-willed. (Will+) [potion of
                  | mutation]
  2248 | D:2      | Gained mutation: You have hidden genetic potential. [potion
                  | of mutation]
  3135 | D:3      | Noticed Terence
  3144 | D:3      | Killed Terence
  3145 | D:3      | Reached XP level 8. HP: 48/54 MP: 8/8
  3251 | D:3      | Noticed Jessica
  3255 | D:3      | Killed Jessica
  3264 | D:3      | Found an opulent altar of Gozag.
  3408 | D:3      | Found a runed translucent door.
  3409 | D:3      | Noticed Crazy Yiuf
  3416 | D:3      | Killed Crazy Yiuf
  3417 | D:3      | Reached skill level 7 in Axes
  3523 | D:4      | Got the Handbook of Formation
  4072 | D:4      | Gained mutation: You are partially covered in iridescent
                  | scales. (AC +2) [hidden potential]
  4196 | D:4      | Reached skill level 8 in Axes
  4527 | D:4      | Reached XP level 9. HP: 45/59 MP: 9/9
  4753 | D:4      | Reached skill level 5 in Fighting
  4848 | D:4      | Reached skill level 9 in Axes
  5150 | D:4      | Found a runed translucent door.
  5152 | D:4      | Noticed xian's ghost (amateur DsAE)
  5429 | D:4      | Killed xian's ghost
  5457 | D:5      | Entered Level 5 of the Dungeon
  5532 | D:5      | Gained mutation: Your spells are a little harder to cast,
                  | but a little more powerful. [hidden potential]
  5532 | D:5      | Lost mutation: You have hidden genetic potential. [hidden
                  | potential expressed]
  5538 | D:5      | Reached skill level 5 in Armour
  5546 | D:5      | Mangled by a gnoll

Illustrated notes

Levels and vault maps discovered:
D:1:      roderic_octagonal_star, layout_basic,
          hellmonk_ecumenical_altar_pennies_from_heaven
D:2:      layout_loops_ring, minmay_pentomino_v2, uniq_robin
D:3:      layout_basic, mainiacjoe_overflow_alcove_4, uniq_crazy_yiuf_cottage,
          uniq_terence, uniq_jessica, uniq_ijyb
D:4:      lemuel_castle_with_subvaults [lemuel_castle_interior_original],
          layout_loops_corners, gup_ossuary_entry_pyramid,
          gammafunk_ghost_grave, uniq_eustachio
D:5:      layout_cave_pools, serial_undead, serial_undead_f, serial_undead_f,
          serial_undead_a, serial_undead_a, minmay_misc_feat_hallway,
          uniq_sigmund

Skill      XL: |  1  2  3  4  5  6  7  8  9 |
---------------+----------------------------+-----
Axes           | 3 4 5 6 8 9 |  9.4
Dodging        | 1 2 |  2.5
Armour         | 4 5 |  5.1
Fighting       | 4 5 |  5.4
Shields        | 5 |  5.5
Stealth        | |  0.6

Action                   |  1- 3 |  4- 6 |  7- 9 || total
-------------------------+-------+-------+-------++-------
Melee: War axe           |    86 |   135 |   374 ||   595
 Abil: Dig               |       |     2 |     2 ||     4
  Use: Scroll            |     4 |     1 |     7 ||    12
       Potion            |     1 |     5 |     2 ||     8
Armor: Scale mail        |    44 |   109 |    29 ||   182
       Skin              |       |    78 |       ||    78
       Ring mail         |       |       |   117 ||   117
Dodge: Dodged            |    54 |   100 |   211 ||   365
Block: Buckler           |    14 |    77 |    95 ||   186
